 Dungeon Crawl Stone Soup version 0.29-a0-838-g385bb11a5b (webtiles) character file.

Game seed: 7253339900691372013

711 hquester1 the Trooper (level 7, -3/62 HPs)
             Began as a Minotaur Fighter on July 13, 2022.
             Slain by an ogre
             ... wielding a +0 giant spiked club
              (20 damage)
             ... on level 5 of the Dungeon.
             The game lasted 00:09:41 (4005 turns).

hquester1 the Trooper (Minotaur Fighter)            Turns: 4005, Time: 00:09:41

Health: -3/62      AC: 11    Str: 22    XL:     7   Next: 40%
Magic:  6/6        EV:  8    Int:  5    God:
Gold:   250        SH:  5    Dex: 10    Spells: 6/6 levels left

rFire   . . .      SeeInvis .   a - +0 war axe
rCold   . . .      Faith    .   c - +0 buckler
rNeg    . . .      Spirit   .   w - +0 chain mail
rPois   .          Reflect  .   (helmet restricted)
rElec   .          Harm     .   q - +0 cloak
rCorr   +          Rampage  .   (no gloves)
Will    .....                   (no boots)
Stlth   ..........              (no amulet)
HPRegen 0.20/turn               x - ring of resist corrosion
MPRegen 0.10/turn               (no ring)

@: no status effects
A: horns 2, retaliatory headbutt
a: no special abilities


You were on level 5 of the Dungeon.
You visited 2 branches of the dungeon, and saw 6 of its levels.

You collected 250 gold pieces.

Inventory:

Hand Weapons
 a - a +0 war axe (weapon)
Armour
 c - a +0 buckler (worn)
 q - a +0 cloak (worn)
 w - a +0 chain mail (worn)
Jewellery
 e - a ring of magical power
 x - a ring of resist corrosion (left hand)
Wands
 b - a wand of roots (10)
 p - a wand of digging (5)
 s - a wand of paralysis (7)
 E - a wand of flame (15)
Scrolls
 g - 3 scrolls of teleportation
 i - a scroll of poison {unknown}
 j - a scroll of torment {unknown}
 l - a scroll of fog {unknown}
 n - a scroll of noise {unknown}
 r - a scroll of vulnerability {unknown}
 y - a scroll of silence
 B - 2 scrolls of identify {unknown}
 C - 2 scrolls of enchant armour {unknown}
Potions
 d - a potion of might
 f - a potion of attraction {unknown}
 h - a potion of curing {unknown}
 k - 2 potions of resistance {unknown}
 m - a potion of flight {unknown}
 o - a potion of degeneration {unknown}
 t - a potion of berserk rage {unknown}
 u - a potion of heal wounds {unknown}
 v - a potion of cancellation {unknown}
 z - 2 potions of lignification {unknown}
 A - a potion of invisibility {unknown}
 D - a potion of haste


   Skills:
 + Level 5.7 Fighting
 + Level 4.9 Axes
 + Level 5.6 Armour
 + Level 3.6 Dodging
 + Level 5.7 Shields


You had 6 spell levels left.
You didn't know any spells.
Your spell library contained the following spells:

 Spells                   Type           Power      Damage    Failure   Level
 Freeze                   Ice            0%         1d3       99%         1
 Dazzling Flash           Conj/Hex       0%         N/A       100%        3
 Frozen Ramparts          Ice            0%         1d2       100%        3
 Hailstorm                Conj/Ice       0%         3d3       100%        4
 Iskenderun's Mystic Bla  Conj/Tloc      0%         2d3       100%        4
 Starburst                Conj/Fire      0%         6d3       100%        6


Dungeon Overview and Level Annotations

Branches:
Dungeon (5/15)             Temple (1/1) D:5

Altars:
Ashenzari
Dithmenos
Elyvilon
Fedhas
Gozag
Hepliaklqana
Kikubaaqudgha
Makhleb
Qazlal
Ru
Sif Muna
Uskayaw
Vehumet
Wu Jian
Zin
The Shining One

Shops:
D:1 (

Annotations:
D:3 exclusion: statue


Innate Abilities, Weirdness & Mutations

You have a pair of horns on your head.
You reflexively headbutt those who attack you in melee.


Message History

The orc closely misses you.
The scorpion stings you but does no damage.
You closely miss the scorpion. The scorpion stings you.
You are poisoned.
The scorpion poisons you!
The orc hits you from afar with a +0 trident.
You feel very sick.
You slash the scorpion!
The scorpion is heavily wounded.
You feel very sick.
The scorpion stings you but does no damage. x2
You hit the scorpion.
The scorpion is almost dead.
You feel sick. You block the scorpion's attack.
You slash the scorpion!
You kill the scorpion!
You feel sick. The orc hits you but does no damage. You block the orc's attack.
You closely miss the orc.
You feel sick. You block the orc's attack.
The orc hits you from afar with a +0 trident.
* * * LOW HITPOINT WARNING * * *
You slash the orc!
You kill the orc!
You feel sick. You block the orc's attack.
You feel sick. The orc hits you but does no damage.
Items here: ) [ ††.
You barely miss the orc. You headbutt the orc.
The orc is heavily wounded.
You feel sick.
You are no longer poisoned.
You block the orc's attack. The orc barely misses you.
You slash the orc!
You kill the orc!
You slash the ogre!
The ogre is heavily wounded.
The ogre closely misses you.
You slash the ogre!
You headbutt the ogre, but do no damage.
The ogre is severely wounded.
The ogre hits you with a +0 giant spiked club!!
You die...

....≈≈≈≈≈≈≈≈≈....####
......≈≈≈≈≈......#
.................#
....##..##.#####.# ##
#### ##..#.# #.# #..#
##.#.# #.# #....
#...# ..
#.....######..# #
#.....O@.....>#
#.....######### ###.#
#


You could see an ogre.

Vanquished Creatures
  A scorpion (D:5)
  A necrophage (D:4)
  A vampire bat (D:3)
  A howler monkey (D:4)
  2 jellies
  3 orc priests
  Jessica (D:2)
  An iguana (D:5)
  Terence (D:2)
  3 orc wizards
  A gnoll (D:1)
  4 adders
  An ufetubus (D:4)
  2 dart slugs
  3 fire bats (D:3)
  9 orcs
  2 spectral bats (D:3)
  6 ball pythons
  14 bats
  3 bat skeletons (D:3)
  A bat zombie (D:3)
  5 endoplasms
  4 giant cockroaches
  7 goblins
  5 hobgoblins
  A quokka (D:4)
  A bat simulacrum (D:3)
  A frilled lizard (D:1)
  5 kobolds
  5 rats
95 creatures vanquished.

Notes
Turn   | Place    | Note
-------+----------+-------------------------------------------
     0 | D:1      | hquester1 the Minotaur Fighter began the quest for the Orb.
     0 | D:1      | Reached XP level 1. HP: 19/19 MP: 0/0
   448 | D:1      | Found Jorraus's Antique Weapon Emporium.
   508 | D:1      | Reached XP level 2. HP: 27/27 MP: 1/1
   887 | D:1      | Found a faded altar of an unknown god.
   905 | D:1      | Reached XP level 3. HP: 33/33 MP: 2/2
  1194 | D:2      | Noticed Terence
  1207 | D:2      | Killed Terence
  1208 | D:2      | Reached skill level 1 in Dodging
  1208 | D:2      | Reached XP level 4. HP: 20/40 MP: 3/3
  1630 | D:2      | Noticed Jessica
  1637 | D:2      | Killed Jessica
  2247 | D:3      | Found a radiant altar of Vehumet.
  2258 | D:3      | Noticed a frost-covered statue
  2361 | D:3      | Reached XP level 5. HP: 47/47 MP: 4/4
  2772 | D:3      | Reached XP level 6. HP: 39/55 MP: 5/5
  2883 | D:3      | Reached skill level 5 in Fighting
  2883 | D:3      | Reached skill level 5 in Armour
  2883 | D:3      | Reached skill level 5 in Shields
  3287 | D:4      | Found a glowing silver altar of Zin.
  3333 | D:4      | Found a shadowy altar of Dithmenos.
  3779 | D:5      | Entered Level 5 of the Dungeon
  3810 | D:5      | Reached XP level 7. HP: 61/61 MP: 6/6
  3911 | D:5      | Found a staircase to the Ecumenical Temple.
  3920 | Temple   | Entered the Ecumenical Temple
  3920 | Temple   | Found a transporter.
  3920 | Temple   | Found a transporter.
  3922 | Temple   | Found a transporter.
  3922 | Temple   | Found a transporter.
  4005 | D:5      | Slain by an ogre

Illustrated notes

Levels and vault maps discovered:
D:1:      dpeg_arrival_circle_labyrinth_a, layout_basic, serial_shops, shop,
          serial_rivers, chequers_serial_rivers_room_b,
          chequers_serial_rivers_room_b, chequers_serial_rivers_room_b,
          chequers_serial_rivers_micro_d, hellmonk_ecumenical_altar_slurped_away
D:2:      layout_basic, uniq_terence, uniq_jessica
D:3:      layout_basic, vehumet_statue, goddamned_bats
D:4:      nicolae_BIG_FREAKIN_CUBE, layout_rooms, amcnicky_altar_gilded,
          zin_scriptorium, uniq_eustachio
D:5:      layout_basic, temple_pool_b, uniq_pikel, uniq_edmund,
          uniq_blork_the_orc
Temple:   hellmonk_temple_divided_pantheon

Skill      XL: |  1  2  3  4  5  6 |
---------------+-------------------+-----
Armour         | 4 5 |  5.6
Fighting       | 4 5 |  5.7
Shields        | 4 5 |  5.7
Axes           | 3 4 |  4.9
Dodging        | 1 2 3 |  3.6

Action                   |  1- 3 |  4- 6 |  7- 9 || total
-------------------------+-------+-------+-------++-------
Melee: War axe           |    45 |   145 |    32 ||   222
       Headbutt          |     7 |    22 |     5 ||    34
  Use: Scroll            |       |     2 |       ||     2
Armor: Scale mail        |    20 |     9 |       ||    29
       Chain mail        |       |   105 |    17 ||   122
Dodge: Dodged            |    21 |    84 |    12 ||   117
Block: Buckler           |    11 |    36 |    10 ||    57

Table legend: (Time is in decaauts)
 A = Elapsed time spent in this place.
 B = Non-inter-level travel time spent in this place.
 C = Inter-level travel time spent in this place.
 D = Time resting spent in this place.
 E = Time spent auto-exploring this place.
 F = Levels seen in this place.
 G = Mean time per level.
                   A        B        C        D        E       F      G
               +--------+--------+--------+--------+--------+-----+--------+
         Total |   4086 |   3967 |    119 |      0 |   3194 |   6 |  681.0 |
       Dungeon |   4052 |   3933 |    119 |      0 |   3188 |   5 |  810.4 |
        Temple |     34 |     34 |      0 |      0 |      6 |   1 |   34.0 |
               +--------+--------+--------+--------+--------+-----+--------+

Top non-repeatable levels by time:
     D:1: 1058 daAuts
     D:3: 1006 daAuts
     D:2: 970 daAuts
     D:4: 812 daAuts
     D:5: 204 daAuts
  Temple: 34 daAuts
